 Dungeon Crawl Stone Soup version 0.30-b1-5-g8e6c1be (webtiles) character file.

Game seed: 10742807174041304471

18578 Illumine the Fighter (level 12, -5/104 HPs)
             Began as a Purple Draconian Cinder Acolyte on May 5, 2023.
             Was a High Priest of Ignis.
             Slain by a komodo dragon (25 damage)
             ... on level 3 of the Lair of Beasts.
             The game lasted 00:33:34 (16223 turns).

Illumine the Fighter (DrCA)                        Turns: 16223, Time: 00:33:35

Health: -5/104     AC: 11    Str: 24    XL:     12   Next: 28%
Magic:  6/24       EV: 15    Int: 24    God:    Ignis [*****.]
Gold:   583        SH:  0    Dex: 14    Spells: 7/28 levels left

rFire   + . .        N - +4 scimitar (flame)
rCold   . . .        (no shield)
rNeg    . . .        (body armour unavailable)
rPois   .            (helmet restricted)
rElec   .            (no cloak)
rCorr   .            G - +0 pair of gloves
SInv    +            T - +1 pair of boots of Damp Satisfaction {*Slow Str+4 Int+3 SInv}
Will    +....        r - amulet of Vizxulyu {Acrobat Str+3 Int+3 Dex+6 SInv}
Stlth   +            Z - ring of wizardry
HPRegen 0.37/turn    (no ring)
MPRegen 0.19/turn

%: slow self (1%), acrobat, wizardry (x1)
@: very slightly contaminated, slowed, very slow
A: breathe power, AC +8, unfitting armour, cold-blooded
a: Breathe Dispelling Energy, Renounce Religion, Fiery Armour, Foxfire Swarm,
Rising Flame


You were on level 3 of the Lair of Beasts.
You worshipped Ignis.
Ignis was extremely pleased with you.
You visited 2 branches of the dungeon, and saw 12 of its levels.

You collected 583 gold pieces.


Innate Abilities, Weirdness & Mutations

You can breathe bolts of dispelling energy.
Your rich purple scales are hard. (AC +8)
You cannot fit into any form of body armour.
You are cold-blooded and may be slowed by cold attacks.


   Skills:
 + Level 9.2 Fighting
 - Level 3.0 Long Blades
 - Level 5.0 Polearms
 + Level 6.7 Dodging
 + Level 8.7 Spellcasting
 + Level 9.1 Conjurations
 - Level 4.0 Hexes
 - Level 4.0 Summonings
 - Level 3.0 Translocations
 + Level 5.0 Transmutations
 - Level 8.3 Fire Magic
 - Level 1.7 Evocations


You had 7 spell levels left.
You knew the following spells:

 Your Spells              Type           Power      Damage    Failure   Level
f - Fireball              Conj/Fire      25%        3d11      1%          5
g - Summon Guardian Gole  Hex/Summ       29%        N/A       1%          3
i - Irradiate             Conj/Tmut      22%        3d19      3%          5
y - Sticky Flame          Conj/Fire      51%        2d7       1%          4
B - Blink                 Tloc           50%        N/A       1%          2
X - Scorch                Fire           100%       2d9       1%          2

Your spell library contained the following spells:

 Spells                   Type           Power      Damage    Failure   Level
 Lesser Beckoning         Tloc           50%        N/A       1%          2
 Momentum Strike          Conj/Tloc      78%        3d10      1%          2
 Call Canine Familiar     Summ           29%        N/A       1%          3
 Ignite Poison            Fire/Tmut/Pois 32%        N/A       1%          3
 Inner Flame              Hex/Fire       40%        N/A       1%          3
 Portal Projectile        Hex/Tloc       54%        N/A       1%          3
 Iskenderun's Battlesphe  Conj           53%        2d10      1%          5
 Blade Hands              Tmut           17%        N/A       9%          5
 Leda's Liquefaction      Hex/Erth       10%        N/A       11%         4
 Yara's Violent Unravell  Hex/Tmut       16%        3d8       11%         5
 Orb of Destruction       Conj           26%        9d9       41%         7
 Conjure Ball Lightning   Conj/Air       16%        3x3d6     45%         6
 Spellforged Servitor     Conj/Summ      21%        N/A       77%         7
 Dragon Form              Tmut           17%        N/A       91%         7
 Enfeeble                 Hex            14%        N/A       98%         7
 Ignition                 Fire           25%        3d8       99%         8

Inventory:

Hand Weapons
 a - a -1 spear of flaming
 J - a +1 sling of draining
 L - a +1 spear
 N - a +4 scimitar of flaming (weapon)
Armour
 y - a +1 pair of boots
 G - a +0 pair of gloves (worn)
 T - the +1 pair of boots of Damp Satisfaction (worn) {*Slow Str+4 Int+3 SInv}
   (You found it on level 1 of the Lair of Beasts)

   Str:       It affects your strength (+4).
   Int:       It affects your intelligence (+3).
   SInv:      It lets you see invisible.
   *Slow:     It may slow you when you take damage.
Magical Staves
 e - a staff of earth {!a}
 f - a staff of earth {!a}
 D - a staff of poison {!a}
 F - a staff of air {!a}
 U - a staff of conjuration {!a}
Jewellery
 p - an amulet of magic regeneration
 r - the amulet of Vizxulyu (around neck) {Acrobat Str+3 Int+3 Dex+6 SInv}
   (You acquired it on level 6 of the Dungeon)

   [amulet of the acrobat]

   It increases your evasion while moving and waiting.
   Str:       It affects your strength (+3).
   Int:       It affects your intelligence (+3).
   Dex:       It affects your dexterity (+6).
   SInv:      It lets you see invisible.
 Z - a ring of wizardry (left hand)
Wands
 s - a wand of flame (13)
 t - a wand of acid (1)
 x - a wand of roots (5)
 C - a wand of mindburst (6)
 K - a wand of digging (7)
 P - a wand of paralysis (3)
 V - a wand of polymorph (6)
Scrolls
 b - 7 scrolls of teleportation {@r2}
 c - 2 scrolls of vulnerability
 h - 2 scrolls of enchant weapon {unknown}
 i - a scroll of brand weapon {unknown}
 k - 2 scrolls of magic mapping {unknown}
 m - a scroll of torment {unknown}
 n - 3 scrolls of poison
 o - 3 scrolls of amnesia
 q - 3 scrolls of fog
 u - a scroll of fear {unknown}
 A - a scroll of summoning {unknown}
 H - a scroll of blinking {unknown}
 I - a scroll of silence {unknown}
 M - 2 scrolls of immolation
 O - a scroll of noise {unknown}
Potions
 d - 2 potions of invisibility {unknown}
 g - 4 potions of brilliance
 j - 5 potions of attraction
 l - 6 potions of curing {@q1}
 v - 2 potions of might
 w - 3 potions of haste {@q3}
 z - 2 potions of degeneration {unknown}
 B - 2 potions of heal wounds {@q2}
 E - 3 potions of lignification
 Q - a potion of flight
 S - a potion of mutation {unknown}
 W - 8 potions of ambrosia

Dungeon Overview and Level Annotations

Branches:
Dungeon (9/15)             Temple (0/1) D:5            Lair (3/5) D:9
 Spider (0/4) Lair:2
  Swamp: Lair:2-3    Shoals: Lair:2-3       Orc: D:9-12

Altars:
Cheibriados
Dithmenos
Elyvilon
Fedhas
Kikubaaqudgha
Makhleb
Nemelex Xobeh
Qazlal
Ru
Wu Jian
Xom
Yredelemnul
Zin
The Shining One

Shops:
D:4 *   D:9 !(:

Portals:
Volcano: Lair:3

Annotations:
D:6 2 transporters, Menkaure
D:7 1 runed translucent door, Tuef's ghost, novice GrBr
Lair:2 2 transporters, Lancus's ghost, journeyman SpWr

...########
###................P.
#..............##....
#...............#.... #
..............#.....
#.#.#..............#....
....§...................
..§§[...................
.≈#..#@................
#≈≈§l§................
≈≈§Y≈§≈..............#..
..##§§≈#...........####.
#∩.≈#............# #..
≈§#........##....## ##.
...........###...## #..
.§.........# P..## #..
....#.........## #..


You could see a komodo dragon (burning) and a yak.


Message History

Gastronok casts a spell at you.
You feel yourself slow down.
A yak comes into view.
You hit Gastronok. You burn Gastronok.
Gastronok is almost dead.
Gastronok burns!
Gastronok bites you.
* * * LOW HITPOINT WARNING * * *
Unknown command.
You slash Gastronok! You burn Gastronok.
Gastronok is almost dead.
Gastronok burns! x2
You kill Gastronok!
The komodo dragon misses you.
Your Transmutations skill increases to level 5!
Unknown command.
Casting: Irradiate (dangerous; 3% risk of failure)
Confirm with . or Enter, or press ? or * to list all spells.
Aiming: Sticky Flame (mildly dangerous; 1% risk of failure)
Press: ? - help, Shift-Dir - straight line, f - komodo dragon
Aim: a komodo dragon The sticky flame hits the komodo dragon.
The komodo dragon is lightly wounded.
The komodo dragon is covered in liquid flames!
The komodo dragon burns! x2; The komodo dragon bites you!
* * * LOW HITPOINT WARNING * * *
The komodo dragon bites you!!
* * * LOW HITPOINT WARNING * * *
The komodo dragon attacks as you move away!
The komodo dragon bites you!!
You die...

Skill      XL: |  1  2  3  4  5  6  7  8  9 10 11 12 |
---------------+-------------------------------------+-----
Polearms       | 4 5 |  5.0
Fighting       | 4 5 6 7 8 9 |  9.2
Spellcasting   | 2 3 4 5 6 8 |  8.7
Fire Magic     | 4 5 6 7 8 |  8.3
Conjurations   | 2 3 4 6 7 8 9 |  9.1
Translocations | 1 2 3 |  3.0
Dodging        | 1 2 3 4 6 |  6.7
Evocations     | 1 |  1.7
Hexes          | 1 3 4 |  4.0
Summonings     | 1 3 4 |  4.0
Long Blades    | 1 3 |  3.0
Transmutations | 1 4 5 |  5.0

Action                     |  1- 3 |  4- 6 |  7- 9 | 10-12 || total
---------------------------+-------+-------+-------+-------++-------
  Melee: Spear             |   107 |    90 |    29 |       ||   226
         Tailslap          |     5 |    10 |     3 |    16 ||    34
         Punch             |     1 |     3 |     2 |     2 ||     8
         Scimitar          |       |       |       |   124 ||   124
   Fire: Sling             |       |       |     9 |       ||     9
   Cast: Scorch            |     4 |    76 |   119 |   121 ||   320
         Sticky Flame      |       |       |     6 |    54 ||    60
         Blink             |       |       |       |     2 ||     2
         Summon Guardian G |       |       |       |     2 ||     2
         Fireball          |       |       |       |     9 ||     9
         Irradiate         |       |       |       |     3 ||     3
  Evoke: Wand              |       |     2 |     2 |    10 ||    14
    Use: Scroll            |     1 |       |     6 |     7 ||    14
         Potion            |       |     2 |       |     2 ||     4
   Stab: Sleeping          |     2 |       |       |       ||     2
 Armour: Skin              |    37 |    26 |    19 |    82 ||   164
  Dodge: Dodged            |    38 |    54 |    64 |   264 ||   420

Levels and vault maps discovered:
D:1:      saegor_arrival_simple_e, layout_loops_corners, basic_ecumenical_altar
D:2:      layout_basic, uniq_sigmund, uniq_natasha
D:3:      cheibrodos_thug_alley, layout_basic, serial_glass, glass_columns_c,
          glass_columns_c, glass_columns_a, glass_columns_a, glass_columns_a,
          glass_columns_b, glass_columns_a, glass_columns_b, st_stairs_12,
          uniq_terence
D:4:      layout_cave_pools, good_gods_mini_temple, minitemple,
          nicolae_shop_overcharged_wands, uniq_grinder, uniq_blork_the_orc
D:5:      layout_rooms, minmay_temple_entry_glassed_door, uniq_pikel
D:6:      layout_layer_cave, gammafunk_temple_of_torment
D:7:      layout_cave_pods, ebering_ghost_reflecting_pool, uniq_menkaure
D:8:      layout_cave_pods, nicolae_wu_jian_immortal_techniques,
          doesnt_xom_only_xom, uniq_erica, uniq_grum, uniq_joseph
D:9:      layout_loops_ring, grunt_temple_overflow_forces_of_nature,
          mainiacjoe_overflow_divided_tiny, lair_entry_dummy, serial_shops,
          shop, nicolae_shop_statue_plus, nicolae_shop_industrial_runoff,
          minmay_misc_feat_more_columns, serial_bayou_lagoon_b
Lair:1:   layout_roguey [special_room_bee], special_room, beast_lair_carwin_2,
          grunt_megastairs_1, uniq_prince_ribbit2
Lair:2:   layout_layer_cave, minmay_swamp_entry_worms,
          nicolae_spider_entry_tight_spaces, gammafunk_ghost_arena, minivault_27
Lair:3:   layout_cave_pods, nicolae_volcano_entry_lava_flow, fungi_pond_lemuel,
          uniq_amaemon, uniq_gastronok

Notes
Turn   | Place    | Note
-------+----------+-------------------------------------------
     0 | D:1      | Illumine the Draconian Cinder Acolyte began the quest for
                  | the Orb.
     0 | D:1      | Reached XP level 1. HP: 19/19 MP: 2/2
   103 | D:1      | Found a faded altar of an unknown god.
   593 | D:1      | Reached XP level 2. HP: 26/26 MP: 3/3
  1098 | D:2      | Reached XP level 3. HP: 31/31 MP: 5/5
  1124 | D:2      | Learned a level 2 spell: Scorch
  1242 | D:2      | Noticed Natasha
  1253 | D:2      | Killed Natasha
  1347 | D:2      | Noticed Natasha
  1353 | D:2      | Killed Natasha
  1354 | D:2      | Reached skill level 4 in Polearms
  1354 | D:2      | Reached XP level 4. HP: 40/40 MP: 1/6
  1739 | D:2      | Noticed Natasha
  1744 | D:2      | Killed Natasha
  1745 | D:2      | Reached skill level 4 in Fighting
  1745 | D:2      | Reached skill level 2 in Spellcasting
  2108 | D:2      | Noticed Sigmund
  2230 | D:3      | Reached XP level 5. HP: 46/46 MP: 8/8
  2361 | D:3      | Noticed Terence
  2371 | D:3      | Killed Terence
  2549 | D:3      | Learned a level 5 spell: Fireball
  3217 | D:3      | HP: 1/46 [kobold brigand/+2 dagger of speed (7)]
  3225 | D:3      | Reached XP level 6. HP: 13/53 MP: 0/9
  3558 | D:3      | Reached skill level 4 in Fire Magic
  3801 | D:3      | Reached skill level 1 in Conjurations
  3885 | D:3      | Learned a level 2 spell: Blink
  4410 | D:4      | Reached skill level 5 in Polearms
  4410 | D:4      | Reached skill level 1 in Translocations
  4608 | D:4      | Reached skill level 1 in Dodging
  4608 | D:4      | Noticed Blork the orc
  4617 | D:4      | Killed Blork the orc
  4618 | D:4      | Reached skill level 2 in Conjurations
  4618 | D:4      | Your scales start taking on a rich purple colour.
  4618 | D:4      | Reached skill level 3 in Spellcasting
  4618 | D:4      | Reached XP level 7. HP: 56/60 MP: 1/12
  4626 | D:4      | Noticed Grinder
  4716 | D:5      | Entered Level 5 of the Dungeon
  4836 | D:5      | Reached skill level 2 in Translocations
  4930 | D:5      | Noticed Pikel
  4957 | D:5      | HP: 5/60 [Pikel/+1 whip of flaming (10)]
  4958 | D:5      | Killed Pikel
  4959 | D:5      | Reached skill level 5 in Fighting
  4959 | D:5      | Reached skill level 2 in Dodging
  4959 | D:5      | Reached skill level 4 in Spellcasting
  4959 | D:5      | Reached skill level 3 in Conjurations
  4959 | D:5      | Reached skill level 5 in Fire Magic
  4959 | D:5      | Reached XP level 8. HP: 5/68 MP: 1/14
  5279 | D:5      | Found a staircase to the Ecumenical Temple.
  5342 | D:5      | Reached skill level 3 in Translocations
  5834 | D:5      | Reached skill level 4 in Conjurations
  6025 | D:6      | Identified a scroll of acquirement
  6025 | D:6      | Acquired the amulet of Vizxulyu {Acrobat Str+3 Int+3 Dex+6
                  | SInv}
  6254 | D:6      | Noticed Menkaure
  6258 | D:6      | Learned a level 3 spell: Summon Guardian Golem
  6331 | D:6      | Found a transporter.
  6400 | D:6      | Found a transporter.
  6400 | D:6      | Found an ancient bone altar of Kikubaaqudgha.
  6581 | D:6      | Reached skill level 1 in Evocations
  6945 | D:6      | Found a basalt altar of Yredelemnul.
  7482 | D:2      | Killed Sigmund
  7708 | D:4      | Killed Grinder
  7709 | D:4      | Reached skill level 1 in Hexes
  7709 | D:4      | Reached skill level 1 in Summonings
  7823 | D:4      | Found Jomenixi's Overcharged Wands.
  7903 | D:4      | Found a snail-covered altar of Cheibriados.
  7906 | D:4      | Found a sacrificial altar of Ru.
  7975 | D:4      | Found a glowing golden altar of the Shining One.
  7975 | D:4      | Found a white marble altar of Elyvilon.
  7975 | D:4      | Found a glowing silver altar of Zin.
  8140 | D:7      | Learned a level 4 spell: Sticky Flame
  8683 | D:7      | Found a runed translucent door.
  8690 | D:7      | Noticed Tuef's ghost (novice GrBr)
  8729 | D:7      | Reached skill level 3 in Dodging
  8729 | D:7      | Reached skill level 6 in Fire Magic
  8729 | D:7      | Reached XP level 9. HP: 75/75 MP: 5/16
  9156 | D:8      | Reached skill level 5 in Conjurations
  9246 | D:8      | Reached skill level 5 in Spellcasting
  9310 | D:8      | Noticed Joseph
  9323 | D:8      | Killed Joseph
  9324 | D:8      | Reached skill level 6 in Fighting
  9407 | D:8      | Noticed Grum
  9460 | D:8      | Killed Grum
  9864 | D:8      | Reached skill level 6 in Conjurations
  9864 | D:8      | Reached skill level 7 in Fire Magic
 10039 | D:8      | Noticed Erica
 10053 | D:8      | Killed Erica
 10054 | D:8      | Reached skill level 4 in Dodging
 10056 | D:8      | Reached XP level 10. HP: 18/84 MP: 6/18
 10295 | D:8      | Reached skill level 6 in Spellcasting
 10717 | D:8      | Found a burning altar of Makhleb.
 10719 | D:8      | Found a glowing golden altar of the Shining One.
 10719 | D:8      | Found a glowing golden altar of the Shining One.
 10721 | D:8      | Found a shadowy altar of Dithmenos.
 10721 | D:8      | Found a shimmering altar of Xom.
 10721 | D:8      | Found a stormy altar of Qazlal.
 10827 | D:8      | Found an ornate altar of the Wu Jian Council.
 11447 | D:9      | Found Suem's Book Emporium.
 11476 | D:9      | Noticed a centaur warrior
 11486 | D:9      | Killed a centaur warrior
 11487 | D:9      | Reached skill level 7 in Conjurations
 11487 | D:9      | Reached skill level 2 in Hexes
 11487 | D:9      | Reached skill level 2 in Summonings
 11491 | D:9      | Reached skill level 8 in Fire Magic
 11625 | D:9      | Reached skill level 7 in Fighting
 11683 | D:9      | Found a staircase to the Lair.
 11916 | D:9      | Found Otsiatoade's Antique Weapon Boutique.
 11941 | D:9      | Found a blossoming altar of Fedhas.
 11962 | D:9      | Noticed a two-headed ogre
 12022 | D:9      | Found Basihell's Distillery.
 12076 | D:9      | Killed a two-headed ogre
 12166 | D:9      | Learned a level 5 spell: Irradiate
 12256 | D:9      | Found a stormy altar of Qazlal.
 12336 | D:9      | Noticed a manticore
 12345 | D:9      | Killed a manticore
 12346 | D:9      | Reached skill level 1 in Long Blades
 12346 | D:9      | Reached skill level 3 in Hexes
 12415 | D:9      | Found a burning altar of Makhleb.
 12424 | D:9      | Found a sparkling altar of Nemelex Xobeh.
 12594 | Lair:1   | Entered Level 1 of the Lair of Beasts
 12599 | Lair:1   | Reached skill level 1 in Transmutations
 12605 | Lair:1   | Reached skill level 3 in Summonings
 12611 | Lair:1   | Identified the +1 pair of boots of Damp Satisfaction {*Slow
                  | Str+4 Int+3 SInv}
 13106 | Lair:1   | Reached XP level 11. HP: 90/92 MP: 14/21
 13107 | Lair:1   | Reached skill level 5 in Dodging
 13112 | Lair:1   | Reached skill level 2 in Long Blades
 13113 | Lair:1   | Reached skill level 7 in Spellcasting
 13332 | Lair:1   | Reached skill level 2 in Transmutations
 13610 | Lair:1   | Noticed Prince Ribbit
 13625 | Lair:1   | Killed Prince Ribbit
 13631 | Lair:1   | Reached skill level 4 in Hexes
 13646 | Lair:1   | Reached skill level 8 in Conjurations
 13850 | Lair:1   | Reached skill level 4 in Summonings
 14020 | Lair:1   | Reached skill level 8 in Fighting
 14020 | Lair:1   | Reached skill level 3 in Long Blades
 14246 | Lair:1   | Reached skill level 3 in Transmutations
 14467 | Lair:2   | Found a hole to the Spider Nest.
 14741 | Lair:2   | Reached skill level 6 in Dodging
 14744 | Lair:2   | Reached skill level 8 in Spellcasting
 14999 | Lair:2   | Reached skill level 4 in Transmutations
 15063 | Lair:2   | Found a transporter.
 15063 | Lair:2   | Noticed Lancus's ghost (journeyman SpWr)
 15388 | Lair:2   | Reached XP level 12. HP: 87/103 MP: 12/24
 15782 | Lair:2   | Found a transporter.
 15943 | Lair:2   | Reached skill level 9 in Fighting
 16135 | Lair:3   | Reached skill level 9 in Conjurations
 16208 | Lair:3   | Noticed Gastronok
 16211 | Lair:3   | Found a dark tunnel.
 16221 | Lair:3   | Killed Gastronok
 16222 | Lair:3   | Reached skill level 5 in Transmutations
 16223 | Lair:3   | Slain by a komodo dragon

Vanquished Creatures
  Gastronok (Lair:3)
  A centaur warrior (D:9)
  Erica (D:8)
  A two-headed ogre (D:9)
  Pikel (D:5)
  A manticore (D:9)
  Joseph (D:8)
  A torpor snail (Lair:1)
  3 cane toads
  A rime drake (Lair:1)
  5 komodo dragons
  A queen bee (Lair:1)
  A polar bear (Lair:1)
  Prince Ribbit (Lair:1)
  Grinder (D:4)
  9 blink frogs
  3 dream sheep (Lair:2)
  3 jumping spiders (Lair:2)
  4 culicivoras (Lair:2)
  11 yaks
  Sigmund (D:2)
  A wyvern (Lair:2)
  2 basilisks
  Grum (D:8)
  A steam dragon (D:8)
  A redback (Lair:2)
  4 swamp worms (Lair:2)
  5 water moccasins
  An ice beast (D:7)
  4 orc warriors
  2 sky beasts
  An ogre (D:5)
  4 centaurs
  5 wolves
  A phantom (D:5)
  A kobold brigand (D:3)
  Blork the orc (D:4)
  7 bullfrogs
  2 scorpions
  30 killer bees
  4 electric eels (D:9)
  A hound (D:5)
  An orc priest (D:4)
  2 jellies (D:5)
  2 iguanas (D:7)
  Terence (D:3)
  Natasha (thrice) (D:2)
  A sleepcap (D:6)
  7 orc wizards
  4 gnolls
  9 adders
  3 white imps (D:6)
  An ufetubus (D:5)
  3 dart slugs
  26 orcs
  4 endoplasms
  2 giant cockroaches (D:2)
  3 goblins
  11 hobgoblins
  6 jackals
  3 quokkas
  4 ball pythons
  6 bats
  4 frilled lizards
  11 kobolds
  3 rats
251 creatures vanquished.

Vanquished Creatures (others)
  14 fungi
  21 plants
35 creatures vanquished.

Grand Total: 286 creatures vanquished

Table legend: (Time is in decaauts)
 A = Elapsed time spent in this place.
 B = Non-inter-level travel time spent in this place.
 C = Inter-level travel time spent in this place.
 D = Time resting spent in this place.
 E = Time spent auto-exploring this place.
 F = Levels seen in this place.
 G = Mean time per level.
                   A        B        C        D        E       F      G
               +--------+--------+--------+--------+--------+-----+--------+
         Total |  16303 |  15746 |    557 |   5287 |   8050 |  12 | 1358.6 |
       Dungeon |  12642 |  12140 |    502 |   3249 |   7209 |   9 | 1404.7 |
          Lair |   3661 |   3606 |     55 |   2038 |    841 |   3 | 1220.3 |
               +--------+--------+--------+--------+--------+-----+--------+

Top non-repeatable levels by time:
  Lair:1: 2115 daAuts
     D:8: 2098 daAuts
     D:3: 2085 daAuts
     D:2: 1736 daAuts
  Lair:2: 1425 daAuts
     D:9: 1410 daAuts
     D:6: 1335 daAuts
     D:4: 1200 daAuts
     D:7: 1003 daAuts
     D:5: 940 daAuts
     D:1: 832 daAuts
  Lair:3: 120 daAuts

Table legend:
 A = Non-vault XP
 B = Vault XP
 C = Vault XP percentage of total XP
 D = Non-vault monster count
 E = Vault monster count
 F = Vault count percentage of total count
                 A         B        C        D         E       F
            +---------+---------+-------+---------+---------+-------
      Total |   15004 |   11537 |  43.5 |     180 |      71 |  28.3
            +---------+---------+-------+---------+---------+-------
        D:1 |      19 |       0 |   0.0 |      14 |       0 |   0.0
        D:2 |     139 |     260 |  65.2 |      21 |       2 |   8.7
        D:3 |      69 |     176 |  71.8 |      25 |      13 |  34.2
        D:4 |     217 |     353 |  61.9 |      14 |       2 |  12.5
        D:5 |     586 |     629 |  51.8 |      12 |       1 |   7.7
        D:6 |     248 |       0 |   0.0 |       8 |       0 |   0.0
        D:7 |     337 |       0 |   0.0 |       5 |       0 |   0.0
        D:8 |    1348 |    1699 |  55.8 |      19 |       5 |  20.8
        D:9 |    3397 |       0 |   0.0 |      26 |       0 |   0.0
     Lair:1 |    3755 |    4450 |  54.2 |      14 |      35 |  71.4
     Lair:2 |    3587 |    2426 |  40.3 |      17 |      12 |  41.4
     Lair:3 |    1302 |    1544 |  54.3 |       5 |       1 |  16.7
            +---------+---------+-------+---------+---------+-------
